 Dungeon Crawl Stone Soup version 0.16.2-12-gd0ad4c3 (webtiles) character file.

21 pigpen the Sneak (level 2, -6/22 HPs)
             Began as a Vampire Assassin on Oct 2, 2015.
             Mangled by a gnoll
             ... wielding a +0 halberd
              (14 damage)
             ... on level 1 of the Dungeon.
             The game lasted 00:07:46 (993 turns).

pigpen the Sneak (Vampire Assassin)                  Turns: 993, Time: 00:07:46

Health: -6/22      AC:  3    Str: 10    XL:     2   Next: 65%
Magic:  2/2        EV: 12    Int: 13    God:
Gold:   55         SH:  0    Dex: 15    Spells: 0 memorised, 1 level left

rFire  . . .     SeeInvis +     a - +2 dagger
rCold  . . .     Clarity  .     c - +0 robe
rNeg   + . .     SustAb   .     (no shield)
rPois  .         Gourm    .     (no helmet)
rElec  .         Spirit   .     d - +0 cloak
rCorr  .         Warding  .     (no gloves)
rMut   .         Stasis   .     (no boots)
MR     .....                    m - amulet of faith
Stlth  ++++......               (no ring)
                                (no ring)

@: not resistant to hostile enchantments, stealthy
A: bottle blood, fangs 3, see invisible, unbreathing
a: no special abilities


You were on level 1 of the Dungeon.
You were not thirsty.

You visited 1 branch of the dungeon, and saw 1 of its levels.

You collected 55 gold pieces.

Inventory:

Hand weapons
 a - a +2 dagger (weapon)
 b - a +0 blowgun
 o - a +0 short sword
 p - a +0 dagger
Missiles
 e - 6 poisoned needles (quivered)
 f - 2 curare-tipped needles
Armour
 c - a +0 robe (worn)
 d - a +0 cloak (worn)
 q - a +0 robe
Jewellery
 m - an amulet of faith (around neck)
Scrolls
 j - a scroll of identify {unknown}
 k - a scroll of teleportation {unknown}
 s - a scroll of immolation {unknown}
Potions
 g - 4 potions of blood
 h - a potion of curing {unknown}
 l - a potion of cancellation {unknown}
 n - a potion of heal wounds {unknown}
Comestibles
 i - a meat ration
 r - a bread ration


   Skills:
 - Level 1.7 Fighting
 * Level 2.5 Short Blades
 - Level 1.5 Throwing
 * Level 1.4 Dodging
 * Level 6.7 Stealth


You had one spell level left.
You didn't know any spells.

Dungeon Overview and Level Annotations

Branches:
Dungeon (1/15)

Altars:


Innate Abilities, Weirdness & Mutations

You can bottle blood from corpses.
You have razor-sharp teeth.
You have supernaturally acute eyesight.
You can survive without breathing.


Message History

Okay, then.
Quiver which item? (- for none, * to show all) (? for menu, Esc to quit)
Quivering
e - 8 poisoned needles for throwing.
Tossing away (i - inventory):
e - 8 poisoned needles (quivered)
Press: ? - help, Shift-Dir - straight line, f - gnoll
Aim: a gnoll, wielding a halberd You toss away a poisoned needle.
The poisoned needle hits the gnoll!
The gnoll misses you.
Tossing away (i - inventory):
e - 7 poisoned needles (quivered)
Press: ? - help, Shift-Dir - straight line, f/p - gnoll
Aim: a gnoll, wielding a halberd You toss away a poisoned needle.
The poisoned needle hits the gnoll!
The gnoll hits you from afar with a halberd!
Ouch! That really hurt!
The gnoll misses you.
Drink which item? (? for menu, Esc to quit)
Yummy - fresh blood!
The gnoll hits you from afar with a halberd!
Ouch! That really hurt!
You die...

##......#######..####.
####.##.......#....##. #.
##.....#...###......##.
..##......###...#......##. ##.
...........####........... .
.. #.........####.........##
..#. ##.............#.##...##>
..#.###
#.......................
......#
#......@.......###...#..
#.....# ###......#g....##
#...#.#
#.....###.......##.....#
##..##.#
#....)....########.....#
#...#..# ......########
#(....# #.#...##
.............. .......#
#....... ####...#######
###.....# #.......
##...##########.....###.......
#...##.............##........


You could see a gnoll.

Vanquished Creatures
  An ooze (D:1)
  3 bats (D:1)
  A giant cockroach (D:1)
  2 hobgoblins (D:1)
  4 kobolds (D:1)
  2 ball pythons (D:1)
  2 giant newts (D:1)
  5 rats (D:1)
20 creatures vanquished.

Notes
Turn   | Place    | Note
--------------------------------------------------------------
     0 | D:1      | pigpen, the Vampire Assassin, began the quest for the Orb.
     0 | D:1      | Reached XP level 1. HP: 16/16 MP: 1/1
   107 | D:1      | Reached skill level 6 in Stealth
   588 | D:1      | Reached XP level 2. HP: 19/22 MP: 2/2
   993 | D:1      | Mangled by a gnoll

Action                   || total
-------------------------++-------
Melee: Dagger            ||    67
  Use: Potion            ||     2
 Stab: Sleeping          ||     1
